Map: Dusk Towers

Players

Nerchio - Winner!

  • Race: Zerg Zerg
  • League: Grandmaster

Senin

  • Race: Zerg Zerg
  • League: Grandmaster

VOD

Have the link to the VOD?

Description

Time

  • Played on: Dec. 14, 2015, 3:47 p.m.
  • Length: 9:54
Show
View Real Time Build Order
Export as new Build Order

Nerchio Zerg - Winner!

Build Orders: Hatch First 

Get SALT Encoding   

  12  0:01  Drone  
  13  0:12  Overlord  
  13  0:17  Drone  
  14  0:30  Drone x2  
  14  0:34  Drone  
  17  0:52  Hatchery  
  17  0:55  Drone  
  17  0:59  Drone  
  17  1:03  Extractor  
  17  1:15  Spawning Pool  
  17  1:17  Drone  
  17  1:21  Drone  
  18  1:28  Drone  
  19  1:38  Overlord  
  19  1:50  Drone  
  20  2:02  Queen, Zergling x2  
  20  2:04  Metabolic Boost  
  20  2:07  Queen  
  25  2:10  Zergling x2  
  25  2:13  Drone  
  27  2:16  Drone  
  27  2:21  Drone  
  29  2:26  Baneling Nest  
  29  2:28  Drone  
  29  2:32  Drone  
  30  2:38  Drone  
  30  2:43  Drone  
  32  2:47  Drone  
  33  2:56  Hatchery  
  32  2:59  Zergling x2  
  32  3:01  Drone  
  34  3:06  Overlord  
  34  3:09  Drone  
  34  3:11  Drone  
  36  3:15  Overlord  
  36  3:24  Drone x4  
  36  3:25  Drone  
  41  3:29  Overlord  
  41  3:32  Drone  
  42  3:37  Evolution Chamber  
  42  3:39  Drone  
  42  3:41  Drone x2  
  43  3:46  Drone x2  
  46  3:48  Drone  
  46  3:49  Drone  
  46  3:52  Extractor  
  47  3:56  Drone, Roach Warren  
  47  3:59  Drone  
  47  4:00  Drone  
  49  4:04  Zerg Missile Weapons Level 1  
  49  4:06  Drone  
  50  4:11  Drone x2  
  50  4:13  Extractor  
  50  4:15  Queen  
  53  4:18  Zergling x2  
  53  4:19  Zergling x2  
  54  4:24  Drone x2  
  54  4:25  Drone  
  54  4:27  Overlord  
  57  4:31  Lair  
  57  4:34  Drone  
  57  4:35  Drone x2  
  57  4:37  Drone  
  61  4:39  Drone  
  61  4:41  Drone x2  
  61  4:44  Overlord  
  64  4:51  Roach  
  64  4:52  Roach x2  
  70  4:55  Roach  
  70  4:56  Overlord  
  70  4:59  Overlord  
  72  5:03  Drone  
  73  5:07  Drone  
  73  5:08  Drone x3  
  73  5:12  Overlord, Extractor  
  76  5:18  Drone x3  
  76  5:20  Drone x2  
  81  5:21  Extractor  
  81  5:22  Extractor  
  81  5:24  Ravager x4  
  83  5:29  Roach x5  
  83  5:31  Glial Reconstitution  
  83  5:35  Drone x2  
  95  5:36  Overlord  
  95  5:40  Roach x2  
  99  5:46  Overlord  
  99  5:47  Overlord  
  99  5:52  Overlord  
  99  5:57  Drone x2  
  99  5:59  Zerg Missile Weapons Level 2  
  99  6:03  Drone  
  102  6:06  Hatchery  
  102  6:09  Roach x4  
  108  6:16  Overlord x2  
  108  6:17  Overseer  
  108  6:21  Drone  
  108  6:23  Hydralisk Den  
  108  6:24  Roach x3  
  114  6:26  Roach  
  114  6:29  Roach  
  114  6:30  Overlord, Roach  
  120  6:32  Overlord  
  120  6:36  Overlord  
  120  6:39  Roach x2  
  123  6:40  Roach  
  123  6:42  Roach  
  123  6:44  Roach  
  123  6:46  Drone x2  
  131  6:47  Drone  
  131  6:48  Drone  
  131  6:50  Roach  
  131  6:52  Lurker Den  
  135  6:59  Hydralisk x2  
  139  7:04  Roach  
  139  7:06  Roach x2  
  144  7:09  Roach  
  144  7:11  Roach x2  
  144  7:12  Roach  
  144  7:13  Roach  
  153  7:16  Overlord x2  
  153  7:19  Overlord  
  153  7:20  Ravager  
  153  7:21  Ravager x2  
  154  7:24  Roach x3  
  154  7:26  Roach  
  154  7:27  Roach  
  154  7:29  Overlord  
  161  7:31  Overlord  
  161  7:34  Overlord  
  161  7:37  Roach  
  161  7:39  Overlord  
  161  7:40  Roach  
  161  7:43  Roach x2  
  167  7:48  Roach x3, Extractor  
  167  7:49  Roach  
  176  7:51  Roach  
  176  7:53  Roach  
  176  7:54  Roach  
  176  7:56  Roach  
  176  7:58  Roach  
  184  8:04  Roach x4  
  189  8:11  Roach x4  
  193  8:15  Roach  
  193  8:16  Roach x2  
  199  8:24  Lurker  
  199  8:25  Lurker  
  194  8:39  Roach  
  194  8:40  Roach x4  
  198  8:41  Roach  
  198  8:47  Roach x5  
  198  8:48  Roach  
  194  8:50  Roach x3  
  194  8:51  Roach  
  194  8:52  Roach  
  194  8:53  Roach  
  184  8:56  Roach x2  
  184  8:58  Roach  
  184  9:00  Roach  
  184  9:02  Roach  
  188  9:04  Roach  
  183  9:10  Roach x2  
  183  9:13  Roach  
  183  9:14  Roach  
  183  9:16  Roach  
  180  9:20  Roach  
  180  9:24  Roach  
  180  9:26  Roach  
  180  9:28  Ravager x2  
  180  9:30  Roach x2  
  188  9:31  Roach  
  188  9:32  Ravager x2  
  188  9:33  Roach x2  
  188  9:34  Roach x2  
Show
View Real Time Build Order
Export as new Build Order

Senin Zerg 

Build Orders: Hatch First 

Get SALT Encoding   

  12  0:01  Drone  
  13  0:12  Overlord  
  13  0:17  Drone  
  14  0:30  Drone  
  14  0:31  Drone  
  14  0:34  Drone  
  17  0:52  Hatchery  
  17  0:54  Drone  
  17  0:57  Drone  
  17  1:00  Extractor  
  17  1:06  Drone  
  18  1:16  Spawning Pool  
  17  1:19  Drone  
  18  1:28  Drone  
  19  1:38  Overlord  
  19  1:49  Drone  
  20  2:03  Metabolic Boost, Queen  
  20  2:04  Queen  
  20  2:05  Zergling x2  
  20  2:06  Zergling x2  
  26  2:11  Drone  
  26  2:14  Drone  
  28  2:22  Drone  
  29  2:27  Baneling Nest  
  28  2:31  Drone  
  28  2:33  Drone  
  30  2:38  Queen  
  32  2:44  Spine Crawler  
  32  2:47  Drone  
  32  2:48  Drone  
  33  2:54  Overlord  
  33  2:56  Drone  
  34  2:59  Drone  
  36  3:11  Hatchery  
  35  3:17  Drone x3  
  35  3:19  Drone  
  39  3:20  Baneling  
  39  3:22  Baneling  
  39  3:25  Drone  
  40  3:30  Evolution Chamber  
  40  3:31  Drone  
  40  3:33  Drone  
  40  3:34  Drone  
  42  3:40  Overlord  
  42  3:44  Drone x2  
  44  3:54  Roach Warren  
  42  3:56  Zerg Missile Weapons Level 1  
  42  3:59  Drone x2  
  42  4:00  Drone x3  
  47  4:06  Extractor  
  47  4:08  Zergling x6  
  49  4:12  Zergling x2  
  50  4:20  Overlord x2  
  50  4:31  Drone  
  50  4:32  Drone x5  
  50  4:35  Roach  
  50  4:36  Lair  
  50  4:38  Overlord  
  58  4:43  Drone  
  58  4:45  Roach  
  61  4:49  Roach  
  61  4:51  Drone x3  
  66  4:53  Overlord  
  66  4:55  Drone x2  
  66  4:57  Drone  
  66  4:58  Drone  
  70  5:04  Drone  
  71  5:09  Extractor  
  71  5:11  Overlord x2, Extractor  
  71  5:12  Drone  
  70  5:19  Drone  
  71  5:21  Roach  
  71  5:25  Drone x9  
  82  5:34  Roach  
  82  5:35  Glial Reconstitution  
  84  5:37  Roach x2  
  84  5:41  Drone  
  84  5:42  Extractor  
  88  5:46  Roach x2  
  94  5:50  Hatchery, Ravager x3  
  94  5:52  Roach x2  
  94  5:53  Overlord x2  
  94  5:56  Overlord  
  98  6:04  Overlord x2  
  98  6:12  Zerg Missile Weapons Level 2  
  98  6:15  Roach x5  
  98  6:17  Overlord x3  
  108  6:23  Overlord x2  
  108  6:27  Ravager  
  108  6:28  Roach x3  
  115  6:33  Roach  
  115  6:34  Roach x2  
  115  6:37  Roach  
  123  6:42  Roach x4  
  123  6:43  Zergling x4  
  123  6:46  Roach  
  135  6:48  Roach  
  135  6:49  Roach  
  138  6:54  Roach  
  138  6:59  Roach x2  
  143  7:02  Roach x3  
  143  7:04  Queen  
  143  7:08  Roach x2  
  154  7:13  Roach x4  
  154  7:14  Roach x2  
  165  7:19  Roach  
  165  7:20  Overlord x2  
  167  7:27  Ravager  
  167  7:39  Roach  
  167  7:40  Roach x7  
  167  7:41  Overlord  
  167  7:42  Overlord  
  182  7:46  Roach  
  182  7:48  Overlord x2  
  184  7:55  Hydralisk Den  
  183  8:02  Roach x8  
  193  8:18  Roach x4  
  199  8:38  Roach  
  199  8:39  Roach x4  
  195  8:44  Roach x6  
  187  8:49  Roach x4  
  187  8:51  Roach  
  187  8:52  Roach x6  
  173  8:58  Roach  
  173  8:59  Roach x5  
  165  9:05  Roach  
  165  9:06  Roach x2  
  173  9:10  Roach x2  
  133  9:17  Roach  
  133  9:18  Roach x2  
  133  9:21  Overseer  
  128  9:24  Roach  
  128  9:25  Roach x3  
  136  9:32  Roach x3  
  136  9:33  Roach x2  
Tags
 
Add a new tag
Caveats
  • Supply blocks, unpowered buildings, or Contaminate may cause inaccurate times.
  • Supply counts are checked every 10 seconds.